 Dungeon Crawl Stone Soup version 0.28-b1-25-g9875b3fc8c (webtiles) character file.

Game seed: 15161388392978570587

75 BeavisTheGrey the Ruffian (level 4, 0/45 HPs)
             Began as a Troll Berserker on Feb 1, 2022.
             Was a Believer of Trog.
             Slain by Grinder (3 damage)
             ... on level 3 of the Dungeon.
             The game lasted 00:12:09 (2427 turns).

BeavisTheGrey the Ruffian (Troll Berserker)         Turns: 2427, Time: 00:12:10

Health: 0/45       AC:  4    Str: 27    XL:     4   Next: 11%
Magic:  3/3        EV: 10    Int:  3    God:    Trog [**....]
Gold:   52         SH:  0    Dex:  9    Spells: 3/3 levels left

rFire   . . .      SeeInvis .     - Unarmed
rCold   . . .      Faith    .   (no shield)
rNeg    . . .      Spirit   .   a - +0 animal skin
rPois   .          Reflect  .   (helmet restricted)
rElec   .          Harm     .   (no cloak)
rCorr   .          Rampage  .   (gloves unavailable)
Will    .....                   (boots unavailable)
Stlth   +.........              (no amulet)
HPRegen 0.95/turn               (no ring)
MPRegen 0.08/turn               (no ring)

@: on berserk cooldown
A: large, unfitting armour, claws 3, regeneration 1, shaggy fur 1, tough skin 1
a: Renounce Religion, Berserk, Trog's Hand


You were on level 3 of the Dungeon.
You worshipped Trog.
Trog was pleased with you.
You visited 1 branch of the dungeon, and saw 3 of its levels.

You collected 94 gold pieces.
You spent 42 gold pieces at shops.

Inventory:

Missiles
 b - 5 poisoned darts (quivered)
Armour
 a - a +0 animal skin (worn)
Jewellery
 g - an amulet of faith
Wands
 k - a wand of flame (21)
Scrolls
 d - 2 scrolls of identify {unknown}
 h - a scroll of teleportation
 i - 2 scrolls of vulnerability {unknown}
 j - a scroll of immolation {unknown}
 l - a scroll of noise {unknown}
Potions
 c - a potion of might {unknown}
 e - a potion of invisibility {unknown}
 f - a potion of curing {unknown}


   Skills:
 + Level 3.0 Fighting
 + Level 2.8 Dodging
 + Level 4.0 Unarmed Combat


You had 3 spell levels left.
You didn't know any spells.
Your spell library was empty.

Dungeon Overview and Level Annotations

Branches:
Dungeon (3/15)

Altars:
Elyvilon

Shops:
D:2 *=   D:3 (

Annotations:
D:3 Grinder, Robin


Innate Abilities, Weirdness & Mutations

You are too large for most types of armour.
You have claws for hands.
Your natural rate of healing is unusually fast.
You are covered in fur. (AC +1)
You have tough skin. (AC +1)


Message History

Trog accepts your kill.
Robin of the Strong Arm comes into view.
They are wielding a +0 spear of venom.
The goblin misses you. x2; The goblin hits you with a +0 club.
The goblin closely misses you.
A goblin comes into view. It is wielding a +0 club.
The goblin closely misses you.
You see here a bat corpse.
The hobgoblin hits you but does no damage.
Grinder blinks!
You scratch Grinder but do no damage. The goblin hits you with a +0 club.
The goblin hits you but does no damage. The hobgoblin closely misses you.
Grinder hits you.
You writhe in agony.
The goblin completely misses you. The goblin hits you with a +0 club.
You scratch Grinder.
Grinder is lightly wounded.
The hobgoblin hits you. Grinder gestures at you.
You suddenly lose the ability to move!
The goblin hits you but does no damage. The goblin hits you with a +0 club.
The hobgoblin hits you. Grinder gestures at you.
You shrug off the repeated paralysis!
The goblin hits you with a +0 club. x2
The hobgoblin hits you but does no damage.
Grinder hits you but does no damage. The goblin hits you with a +0 club. x2
The hobgoblin hits you. Grinder hits you.
You writhe in agony.
The goblin hits you with a +0 club. x2
The hobgoblin hits you but does no damage.
Grinder hits you.
You writhe in agony.
The goblin completely misses you. The goblin hits you with a +0 club.
The hobgoblin hits you but does no damage.
You can move again.
Found a stone staircase leading down.
Grinder hits you!
* * * LOW HITPOINT WARNING * * *
Grinder hits you.
* * * LOW HITPOINT WARNING * * *
The goblin barely misses you.
You feel yourself speed up. Grinder hits you!
* * * LOW HITPOINT WARNING * * *
You writhe in agony.
You die...

#.........# #
#..########
#.. ##..##
>...# #...#
#####...######
.............#
#.@# ##
#5g###... ..
###gg.......
.#
#..gg###..##
#g#.## #..#
.######g#g#
##..##
.gggg.g...#
#5... ..#
gg#####.###
#... ... #.#
#..# #.#


You could see Grinder, Robin, 2 hobgoblins and 6 goblins.

Vanquished Creatures
  2 adders
  A dart slug (D:3)
  4 orcs (D:3)
  3 ball pythons
  2 bats
  3 endoplasms
  A giant cockroach (D:1)
  4 goblins
  3 hobgoblins
  10 jackals
  2 quokkas (D:1)
  7 kobolds
  3 rats
45 creatures vanquished.

Notes
Turn   | Place    | Note
-------+----------+-------------------------------------------
     0 | D:1      | BeavisTheGrey the Troll Berserker began the quest for the
                  | Orb.
     0 | D:1      | Reached XP level 1. HP: 22/22 MP: 0/0
   144 | D:1      | Found a faded altar of an unknown god.
   265 | D:1      | Reached XP level 2. HP: 29/29 MP: 1/1
   713 | D:1      | Reached ** piety under Trog
   714 | D:1      | Reached XP level 3. HP: 36/36 MP: 2/2
   928 | D:2      | Found a white marble altar of Elyvilon.
   976 | D:2      | Found Seogomen's General Store.
   989 | D:2      | Bought a scroll of teleportation for 42 gold pieces
  1037 | D:2      | Found Sohusmau's Jewellery Emporium.
  1683 | D:3      | Found Izxiefis's Weapon Emporium.
  2032 | D:3      | Reached skill level 4 in Unarmed Combat
  2097 | D:3      | Reached XP level 4. HP: 45/45 MP: 3/3
  2389 | D:3      | Noticed Grinder
  2400 | D:3      | Paralysed by Grinder for 6 turns
  2415 | D:3      | Noticed Robin
  2420 | D:3      | Paralysed by Grinder for 5 turns
  2427 | D:3      | Slain by Grinder

Illustrated notes

Levels and vault maps discovered:
D:1:      wander_arrival_desolate, layout_loops_ring,
          shapermc_ecumenical_altar_mp_ritualfount, chequers_hall_statues_y
D:2:      layout_basic, serial_shops, nicolae_shop_advertising_works
          [nicolae_subvault_shop_adworks], nicolae_shop_statue_plus, basic_altar
D:3:      layout_loops_ring, serial_shops, nicolae_shop_window_shopping,
          uniq_grinder, uniq_robin, uniq_sigmund

Skill      XL: |  1  2  3 |
---------------+----------+-----
Fighting       | 3 |  3.0
Unarmed Combat | 4 |  4.0
Dodging        | |  2.8

Action                   |  1- 3 |  4- 6 || total
-------------------------+-------+-------++-------
Melee: Unarmed           |    84 |    12 ||    96
       Punch             |     3 |       ||     3
Invok: Berserk           |     2 |     1 ||     3
Armor: Animal skin       |    24 |     8 ||    32
Dodge: Dodged            |    60 |    14 ||    74
